 Dungeon Crawl Stone Soup version 0.30-a0-341-g682706514a (webtiles) character file.

Game seed: 4849098527932366035

41 Hubris850 the Ruffian (level 3, -1/30 HPs)
             Began as a Minotaur Gladiator on Nov 1, 2022.
             Slain by a goblin
             ... wielding a +0 dagger
             ... led by Robin
              (5 damage)
             ... on level 2 of the Dungeon.
             The game lasted 00:01:26 (724 turns).

Hubris850 the Ruffian (Minotaur Gladiator)           Turns: 724, Time: 00:01:26

Health: -1/30      AC:  4    Str: 20    XL:     3   Next: 32%
Magic:  2/2        EV: 12    Int:  5    God:
Gold:   33         SH:  0    Dex: 11    Spells: 2/2 levels left

rFire   . . .      SeeInvis .    f - +0 quarterstaff
rCold   . . .      Faith    .    (shield currently unavailable)
rNeg    . . .      Spirit   .    a - +0 leather armour
rPois   .          Reflect  .    b - +0 hat
rElec   .          Harm     .    g - +0 cloak
rCorr   .          Rampage  .    (no gloves)
Will    .....                    (no boots)
Stlth   +.........               (no amulet)
HPRegen 0.25/turn                i - ring of flight
MPRegen 0.08/turn                (no ring)

@: flying
A: horns 2, retaliatory headbutt
a: no special abilities


You were on level 2 of the Dungeon.
You visited 1 branch of the dungeon, and saw 2 of its levels.

You collected 33 gold pieces.

Inventory:

Hand Weapons
 f - a +0 quarterstaff (weapon)
Missiles
 c - 3 throwing nets (quivered)
 d - a javelin
Armour
 a - a +0 leather armour (worn)
 b - a +0 hat (worn)
 g - a +0 cloak (worn)
Jewellery
 i - a ring of flight (left hand)
Scrolls
 e - 2 scrolls of identify {unknown}
 h - a scroll of summoning {unknown}


   Skills:
 - Level 2.4 Fighting
 + Level 2.6 Throwing
 - Level 3.2 Dodging
 * Level 4.4 Unarmed Combat


You had 2 spell levels left.
You didn't know any spells.
Your spell library contained the following spells:

 Spells                   Type           Power      Damage    Failure   Level
 Slow                     Hex            0%         N/A       54%         1
 Confusing Touch          Hex            0%         N/A       88%         3
 Vampiric Draining        Necr           0%         2d6       88%         3


Dungeon Overview and Level Annotations

Branches:
Dungeon (2/15)

Altars:

Annotations:
D:2 Robin


Innate Abilities, Weirdness & Mutations

You have a pair of horns on your head.
You reflexively headbutt those who attack you in melee.


Message History

You closely miss the goblin. You headbutt the goblin.
You kill the goblin!
The goblin unwields a +0 club.
The goblin wields a +0 sling.
The goblin shoots a sling bullet.
The sling bullet hits you but does no damage.
The goblin hits you with a +0 club.
Robin roars a battlecry!
The goblins go into a battle-frenzy!
You miss the goblin. The goblin closely misses you. You furiously retaliate!
You headbutt the goblin!
You kill the goblin!
You barely miss the goblin. You headbutt the goblin.
You kill the goblin!
You thump the goblin!
You kill the goblin!
The bat closely misses you. Robin throws the goblin at you!
The goblin unwields a +0 sling.
The goblin wields a +0 club.
The goblin hits you with a +0 club.
You sock the bat!
You kill the bat!
The goblin closely misses you. You furiously retaliate!
You headbutt the goblin!
You kill the goblin!
Robin throws the goblin at you! The goblin hits you but does no damage.
You miss the goblin.
The goblin hits you with a +0 dagger. x2
Unknown command.
You hit the goblin.
You kill the goblin!
The goblin closely misses you.
Robin hits you from afar with a +0 spear.
You sock the goblin!
You kill the goblin!
Robin throws the goblin at you! The goblin barely misses you.
Robin hits you from afar with a +0 spear.
* * * LOW HITPOINT WARNING * * *
The goblin hits you with a +0 dagger.
* * * LOW HITPOINT WARNING * * *
You barely miss the goblin. Robin barely misses you.
The goblin hits you with a +0 dagger.
You die...

...## ###......
.#######....# ##
##.......#
####..#..#..##
........##...####
........##.#....##
........##.####..#
........#..# ##g#
........#.## #@#
#####.###. #)# #
#..... g.. ####.
..[.. #.....:
#....... #........
#.........


You could see Robin and a goblin (strong).

Vanquished Creatures
  An adder (D:2)
  A worm (D:2)
  2 ball pythons
  A bat (D:2)
  An endoplasm (D:1)
  2 giant cockroaches
  11 goblins
  2 hobgoblins
  A kobold (D:1)
  A frilled lizard (D:2)
  2 rats (D:1)
25 creatures vanquished.

Notes
Turn   | Place    | Note
-------+----------+-------------------------------------------
     0 | D:1      | Hubris850 the Minotaur Gladiator began the quest for the
                  | Orb.
     0 | D:1      | Reached XP level 1. HP: 18/18 MP: 0/0
   550 | D:1      | Found a faded altar of an unknown god.
   555 | D:1      | Reached XP level 2. HP: 24/25 MP: 1/1
   671 | D:2      | Reached skill level 4 in Unarmed Combat
   710 | D:2      | Noticed Robin
   715 | D:2      | Reached XP level 3. HP: 30/30 MP: 2/2
   724 | D:2      | Slain by a goblin

Illustrated notes

Levels and vault maps discovered:
D:1:      dpeg_arrival_rhombi, layout_loops_ring,
          shapermc_ecumenical_altar_rom_forum, chequers_serial_rivers_marsh
D:2:      layout_rooms, uniq_robin

Skill      XL: |  1  2 |
---------------+-------+-----
Unarmed Combat | 4 |  4.4
Fighting       | |  2.4
Throwing       | |  2.6
Dodging        | |  3.2

Action                   || total
-------------------------++-------
Melee: Unarmed           ||    11
       Quarterstaff      ||    34
       Headbutt          ||     6
Armor: Leather armour    ||    14
Dodge: Dodged            ||    32

Table legend: (Time is in decaauts)
 A = Elapsed time spent in this place.
 B = Non-inter-level travel time spent in this place.
 C = Inter-level travel time spent in this place.
 D = Time resting spent in this place.
 E = Time spent auto-exploring this place.
 F = Levels seen in this place.
 G = Mean time per level.
                   A        B        C        D        E       F      G
               +--------+--------+--------+--------+--------+-----+--------+
         Total |    734 |    688 |     46 |      0 |    557 |   2 |  367.0 |
       Dungeon |    734 |    688 |     46 |      0 |    557 |   2 |  367.0 |
               +--------+--------+--------+--------+--------+-----+--------+

Top non-repeatable levels by time:
     D:1: 642 daAuts
     D:2: 92 daAuts
